 Dungeon Sprint DCSS version 0.31-a0-16-g6d2539766c (webtiles) character file.

Game seed: 17036115041865563950

1194 sircluck the Cleaver (level 8, -2/82 HPs)
             Began as a Hill Orc Fighter on May 8, 2023.
             Was a Follower of Cheibriados.
             Succumbed to barbed spike wounds
             ... in the Dungeon (Sprint I: "Red Sonja").
             The game lasted 00:02:06 (568 turns).

sircluck the Cleaver (Hill Orc Fighter)              Turns: 568, Time: 00:02:06

Health: -2/82      AC:  9    Str: 24    XL:     8   Next: 43%
Magic:  8/8        EV: 12    Int: 11    God:    Cheibriados [*.....]
Gold:   409        SH:  6    Dex: 13    Spells: 7/7 levels left

rFire   . . .        a - +0 war axe
rCold   . . .        c - +0 buckler
rNeg    . . .        l - +2 ring mail {Will+}
rPois   .            (no helmet)
rElec   .            (no cloak)
rCorr   .            (no gloves)
SInv    .            (no boots)
Will    +....        (no amulet)
Stlth   +            (no ring)
HPRegen 0.33/turn    (no ring)
MPRegen 0.11/turn

%: no teleportation
@: spiked, very slow
A: no striking features
a: Renounce Religion, Bend Time


You were in the Dungeon.
You worshipped Cheibriados.
Cheibriados was aware of your devotion.
You visited 1 branch You collected 409 gold pieces.

Inventory:

Hand Weapons
 a - a +0 war axe (weapon)
Armour
 b - a +0 scale mail
 c - a +0 buckler (worn)
 l - a +2 ring mail of willpower (worn)
Wands
 k - a wand of charming (10)
Scrolls
 j - a scroll of blinking
 m - a scroll of magic mapping {unknown}
Potions
 d - a potion of might
 e - a potion of curing
 g - a potion of haste
 h - 2 potions of magic
 i - a potion of berserk rage


   Skills:
 + Level 11.3 Fighting
 + Level 12.6 Axes
 + Level 9.6 Armour
 + Level 3.6 Dodging
 + Level 1.4 Stealth
 + Level 9.3 Shields
 + Level 1.6 Evocations


You had 7 spell levels left.
You didn't know any spells.
Your spell library contained the following spells:

 Spells                   Type           Power      Damage    Failure   Level
 Apportation              Tloc           0%         N/A       52%         1
 Necrotise                Necr           0%         1d4       52%         1
 Summon Small Mammal      Summ           0%         N/A       52%         1


Dungeon Overview and Level Annotations

Branches:
Dungeon (1/1)

Altars:
Cheibriados
Dithmenos
Elyvilon
Fedhas
Gozag
Hepliaklqana
Kikubaaqudgha
Makhleb
Nemelex Xobeh
Okawaru
Qazlal
Ru
Sif Muna
Trog
Uskayaw
Vehumet
Wu Jian
Xom
Yredelemnul
Zin
The Shining One
Jiyva
Lugonu

Shops:
D :


Message History

You hit the red devil. You closely miss the neqoxec.
The red devil hits you with a +0 trident!
Barbed spikes become lodged in your body.
The kobold demonologist closely misses you.
You slice the kobold demonologist!!
You kill the kobold demonologist!
Cheibriados appreciates the change of pace.
Cheibriados raises the support of your attributes as your movement slows.
The neqoxec disappears in a puff of smoke!
The crimson imp disappears in a puff of smoke!
The red devil disappears in a puff of smoke!
Your Axes skill increases to level 12!
Unknown command.
The barbs in your skin will harm you if you move.
Continue? [Y]es or [N]o only, please.
The barbs in your skin will harm you if you move.
Continue?
The barbed spikes dig painfully into your body as you move.
Things that are here:
a +0 dagger; a +0 robe The barbed spikes dig painfully into your body as you move.
Things that are here:
a +0 dagger; a +0 robe The barbed spikes dig painfully into your body as you move.
Things that are here:
a +0 dagger; a +0 robe The barbed spikes dig painfully into your body as you move.
There is an open door, spattered with blood here.
The barbed spikes dig painfully into your body as you move.
The barbed spikes dig painfully into your body as you move.
The barbed spikes dig painfully into your body as you move.
The barbed spikes dig painfully into your body as you move.
* * * LOW HITPOINT WARNING * * *
The barbed spikes dig painfully into your body as you move.
* * * LOW HITPOINT WARNING * * *
The barbed spikes dig painfully into your body as you move.
* * * LOW HITPOINT WARNING * * *
The barbed spikes dig painfully into your body as you move.
* * * LOW HITPOINT WARNING * * *
The barbed spikes dig painfully into your body as you move.
You die...

#######################
#..'..#..'..#__#@.')..#
'))#..'..#..'..'..#)..#
#####'#####'#__####...+
####..#...#.####!?#####
#__####..##.#~§§§c#
#_____##'#_.+~§§§
#_.∩...'..._#§§§§c#
#_..__##_.#'# +####
#_____###+#.#


There were no monsters in sight!

Vanquished Creatures
  2 kobold demonologists (D)
  A slime creature (D)
  Sigmund (D)
  A yak (D)
  A floating eye (D)
  An ogre (D)
  A jelly (D)
  Ijyb (D)
9 creatures vanquished.

Notes
Turn   | Place    | Note
-------+----------+-------------------------------------------
     0 | D        | sircluck the Hill Orc Fighter began the quest for the Orb.
     0 | D        | Reached XP level 1. HP: 19/19 MP: 1/1
     1 | D        | Noticed Ijyb
     9 | D        | Killed Ijyb
    10 | D        | Reached skill level 5 in Fighting
    10 | D        | Reached skill level 3 in Axes
    10 | D        | Reached XP level 2. HP: 26/29 MP: 2/2
    10 | D        | Reached XP level 3. HP: 32/36 MP: 3/3
    26 | D        | Noticed an ogre
    52 | D        | Noticed Sigmund
    70 | D        | Killed an ogre
    71 | D        | Reached skill level 4 in Axes
    71 | D        | Reached XP level 4. HP: 45/45 MP: 4/4
    79 | D        | Killed Sigmund
    80 | D        | Reached skill level 6 in Axes
    80 | D        | Reached skill level 1 in Dodging
    80 | D        | Reached skill level 1 in Evocations
    80 | D        | Reached XP level 5. HP: 56/56 MP: 5/5
    80 | D        | Reached XP level 6. HP: 62/62 MP: 6/6
   132 | D        | Found an ornate altar of the Wu Jian Council.
   132 | D        | Found a shimmering blue altar of Sif Muna.
   134 | D        | Found a radiant altar of Vehumet.
   162 | D        | Noticed a centaur warrior
   192 | D        | Found Ynufraez's Book Emporium.
   192 | D        | Found an ancient bone altar of Kikubaaqudgha.
   192 | D        | Found a hazy altar of Hepliaklqana.
   192 | D        | Found a stormy altar of Qazlal.
   192 | D        | Found a hide-covered altar of Uskayaw.
   192 | D        | Found a blossoming altar of Fedhas.
   192 | D        | Found a bloodstained altar of Trog.
   192 | D        | Found an iron altar of Okawaru.
   192 | D        | Found a basalt altar of Yredelemnul.
   192 | D        | Found a glowing golden altar of the Shining One.
   192 | D        | Found a snail-covered altar of Cheibriados.
   192 | D        | Found a sacrificial altar of Ru.
   192 | D        | Found a glowing silver altar of Zin.
   192 | D        | Found a shadowy altar of Dithmenos.
   192 | D        | Found a white marble altar of Elyvilon.
   192 | D        | Noticed a yak
   205 | D        | Killed a yak
   206 | D        | Reached skill level 8 in Axes
   206 | D        | Reached XP level 7. HP: 18/71 MP: 7/7
   206 | D        | Found an opulent altar of Gozag.
   207 | D        | Found a sparkling altar of Nemelex Xobeh.
   379 | D        | Became a worshipper of Cheibriados the Contemplative
   390 | D        | Noticed a centaur warrior
   402 | D        | Found a burning altar of Makhleb.
   402 | D        | Found a viscous altar of Jiyva.
   402 | D        | Found a shimmering altar of Xom.
   402 | D        | Found a corrupted altar of Lugonu.
   402 | D        | Noticed a slime creature
   421 | D        | Killed a slime creature
   422 | D        | Reached skill level 10 in Fighting
   422 | D        | Reached skill level 9 in Axes
   544 | D        | Noticed a kobold demonologist
   544 | D        | Noticed a kobold demonologist
   546 | D        | Noticed a neqoxec
   548 | D        | Reached skill level 10 in Axes
   549 | D        | Noticed a chaos spawn
   550 | D        | Noticed a red devil
   552 | D        | Killed a kobold demonologist
   552 | D        | Reached * piety under Cheibriados
   553 | D        | Reached skill level 11 in Axes
   553 | D        | Reached skill level 1 in Stealth
   553 | D        | Reached XP level 8. HP: 71/82 MP: 8/8
   556 | D        | Killed a kobold demonologist
   557 | D        | Reached skill level 12 in Axes
   568 | D        | Succumbed to barbed spike wounds

Illustrated notes

Levels and vault maps discovered:
D:        dungeon_sprint_1 [red_sonja_temple_1, red_sonja_temple_small_1]

Skill      XL: |  1  2  3  4  5  6  7  8 |
---------------+-------------------------+-----
Fighting       | 5 6 8 9 11 | 11.3
Axes           | 3 4 6 8 11 12 | 12.6
Armour         | 4 6 7 8 9 |  9.6
Shields        | 4 6 7 8 9 |  9.3
Dodging        | 1 3 |  3.6
Evocations     | 1 |  1.6
Stealth        | 1 |  1.4

Action                     |  1- 3 |  4- 6 |  7- 9 || total
---------------------------+-------+-------+-------++-------
  Melee: War axe           |    10 |    25 |    27 ||    62
  Evoke: Wand              |     2 |       |       ||     2
    Use: Potion            |     1 |       |     1 ||     2
 Armour: Scale mail        |     2 |       |       ||     2
         Ring mail         |     1 |     5 |    10 ||    16
  Dodge: Dodged            |     9 |     6 |    10 ||    25
  Block: Buckler           |     5 |     3 |     9 ||    17

Table legend: (Time is in decaauts)
 A = Elapsed time spent in this place.
 B = Non-inter-level travel time spent in this place.
 C = Inter-level travel time spent in this place.
 D = Time resting spent in this place.
 E = Time spent auto-exploring this place.
 F = Levels seen in this place.
 G = Mean time per level.
                   A        B        C        D        E       F      G
               +--------+--------+--------+--------+--------+-----+--------+
         Total |    597 |    597 |      0 |    299 |     55 |   1 |  597.0 |
       Dungeon |    597 |    597 |      0 |    299 |     55 |   1 |  597.0 |
               +--------+--------+--------+--------+--------+-----+--------+

Top non-repeatable levels by time:
       D: 597 daAuts
